 Dungeon Crawl Stone Soup version 0.31-a0-441-g867994ef1c (webtiles) character file.

Game seed: 3857555492194577228

2 Xavori the Trooper (level 1, 20/20 HPs)
             Began as a Djinni Chaos Knight on Aug 3, 2023.
             Was a Plaything of Xom.
             Quit the game on level 1 of the Dungeon.
             The game lasted 00:00:51 (4446 turns).

Xavori the Trooper (Djinni Chaos Knight)            Turns: 4446, Time: 00:00:51

Health: 20/20      AC:  5    Str: 11    XL:     1   Next: 44%
Gold:   0          EV: 11    Int: 13    God:    Xom [*.....] SH:  0 Dex: 12

rFire   + + .        a - +0 falchion (chaos)
rCold   x . .        (no shield)
rNeg    . . .        b - +2 leather armour
rPois   ∞            (no helmet)
rElec   .            (no cloak)
rCorr   .            (no gloves)
SInv    .            (boots unavailable)
Will    .....        (no amulet)
Stlth   +            (no ring)
HPRegen 0.23/turn    (no ring)
MPRegen 0.00/turn

%: no passive effects
@: flying
A: sickness immunity, fire resistance 2, cold vulnerability 1, float, innate
caster, HP casting, extra vitality 1
a: Renounce Religion


You were on level 1 of the Dungeon.
You worshipped Xom.
You were a special plaything of Xom.
You visited 1 branch of the dungeon, and saw 1 of its levels.

Inventory:

Hand Weapons
 a - a +0 falchion of chaos (weapon)
Armour
 b - a +2 leather armour (worn)
Scrolls
 c - a scroll of butterflies


   Skills:
 + Level 3.0 Fighting
 + Level 2.7 Long Blades
 + Level 1.0 Armour
 + Level 2.2 Dodging You didn't know any spells. Your spell library was empty.

Dungeon Overview and Level Annotations

Branches:
Dungeon (1/15)

Altars:


Innate Abilities, Weirdness & Mutations

You are immune to sickness and miasma.
You are immune to poison.
Your flesh is very heat resistant. (rF++)
You are vulnerable to cold. (rC-)
You float through the air rather than walking.
You learn spells naturally, not from books.
Your magical power is your life essence.
You have superior vitality. (+4 MHP)


Message History

Unknown command.
You start waiting.
Done waiting.
You start waiting.
Xom grants you insight.
You detect creatures!
You are now a special plaything of Xom.
You start waiting.
Done waiting.
You start waiting. "Where it stops, nobody knows!"
Your surroundings suddenly seem different.
Found a scroll labelled KULIHI CETTA.
Your surroundings suddenly seem different.
A bat comes into view.
Found 8 gold pieces.
Your surroundings suddenly seem different.
Your surroundings suddenly seem different.
The bat moves out of view.
Unknown command.
Unknown command.
You start waiting.
Xom makes a sudden noise!
You hear a muffled joke.
You start waiting.
Done waiting.
You start waiting.
Done waiting.
You start waiting.
Done waiting.
You start waiting.
Done waiting.
You start waiting.
Done waiting.
You start waiting.
Done waiting.
You start waiting.
Done waiting.
You start waiting.
Done waiting.
Are you sure you want to abandon this character and quit the game? (Confirm with "yes".)

*,****,**,,,
,,,....... * *,, ,,
,**##* ....... ,,
*** *** .####
*......., **** *
,,,,.#.. , .......,
,,* #####.*.# ,
......., ***, ,
#....##.#,,,.......,
** *,*#.......#,,,,
* ** , ,
,,*,*#..).#### *
**.#### *
,*,,,,,,+..@.# ,,,,
,..... * *,*
,,,,,#....# *
***,..... *
,,++++++#....# ,,
*,*
,,*,,+....+.....#
*,* ,,
***,,+....+.....#
*,*, ,
***,,+..<.'.....#
*,,, S*,
,+....+..####
*,,*,,* * * **
+++)''##* ** *
,**,,,,
#.......#******* ,
,, **


There were no monsters in sight!

Vanquished Creatures
  A hobgoblin (D:1)
  A kobold (D:1)
2 creatures vanquished.

Notes
Turn   | Place    | Note
-------+----------+-------------------------------------------
     0 | D:1      | Xavori the Djinni Chaos Knight began the quest for the Orb.
     0 | D:1      | Reached XP level 1. HP: 20/20 MP: 0/0
  1143 | D:1      | XOM: silly message
  1173 | D:1      | XOM: noise
  1209 | D:1      | XOM is BORED!
  1209 | D:1      | XOM: silly message
  1665 | D:1      | XOM: divination: magic mapping
  1853 | D:1      | XOM is BORED!
  1853 | D:1      | XOM: noise
  2476 | D:1      | XOM is BORED!
  2476 | D:1      | XOM: 1-stop teleportation journey
  2776 | D:1      | XOM: divination: magic mapping
  2896 | D:1      | XOM: silly message
  3336 | D:1      | XOM is BORED!
  3336 | D:1      | XOM: 2-stop teleportation journey
  3529 | D:1      | XOM: divination: detect creatures
  3631 | D:1      | XOM: 4-stop teleportation journey
  3645 | D:1      | XOM: noise
  4446 | D:1      | Quit the game

Illustrated notes

Levels and vault maps discovered:
D:1:      lightli_arrival_maybe_door_vault, layout_basic,
          chequers_serial_rivers_marsh, minmay_box_of_dots

Action                     || total
---------------------------++-------
  Melee: Falchion          ||     4
  Dodge: Dodged            ||     3

Table legend: (Time is in decaauts)
 A = Elapsed time spent in this place.
 B = Non-inter-level travel time spent in this place.
 C = Inter-level travel time spent in this place.
 D = Time resting spent in this place.
 E = Time spent auto-exploring this place.
 F = Levels seen in this place.
 G = Mean time per level.
                   A        B        C        D        E       F      G
               +--------+--------+--------+--------+--------+-----+--------+
         Total |   4446 |   4446 |      0 |   4433 |      0 |   1 | 4446.0 |
       Dungeon |   4446 |   4446 |      0 |   4433 |      0 |   1 | 4446.0 |
               +--------+--------+--------+--------+--------+-----+--------+

Top non-repeatable levels by time:
     D:1: 4446 daAuts
